 Dungeon Crawl Stone Soup version 0.19.0 (webtiles) character file.

35 Querens the Conjurer (level 3, 0/26 HPs)
             Began as a Demigod Conjurer on Nov 2, 2016.
             Slain by a gnoll
             ... wielding a +0 spear
              (4 damage)
             ... on level 1 of the Dungeon.
             The game lasted 00:03:11 (593 turns).

Querens the Conjurer (Demigod Conjurer)              Turns: 593, Time: 00:03:12

Health: 0/26       AC:  3    Str: 11    XL:     3   Next: 2%
Magic:  5/8        EV: 12    Int: 21    God:
Gold:   62         SH:  0    Dex: 16    Spells: 1 memorised, 5 levels left

rFire  . . .     SeeInvis .     p - +0 dagger (venom)
rCold  . . .     Gourm    .     n - +0 leather armour
rNeg   . . .     Faith    .     (no shield)
rPois  .         Spirit   .     (no helmet)
rElec  .         Reflect  .     (no cloak)
rCorr  .         Harm     .     (no gloves)
MR     .....                    (no boots)
Stlth  ++........               (no amulet)
                                (no ring)
                                (no ring)

@: no status effects
A: high mp 1
a: no special abilities


You were on level 1 of the Dungeon.
You were not hungry.

You visited 1 branch of the dungeon, and saw 2 of its levels.

You collected 62 gold pieces.

Inventory:

Hand Weapons
 h - a +0 dagger
 p - a +0 dagger of venom (weapon)
Armour
 a - a +0 robe
 m - a +0 robe
 n - a +0 leather armour (worn)
Scrolls
 d - 4 scrolls of identify {unknown}
 e - 2 scrolls of random uselessness {unknown}
 j - a scroll of enchant weapon {unknown}
 k - a scroll of immolation {unknown}
 o - a scroll of noise {unknown}
Potions
 f - a potion of curing {unknown}
 g - a potion of agility {unknown}
 i - a potion of lignification {unknown}
Books
 b - a book of Conjurations

   Spells                             Type                      Level
   a - Magic Dart                     Conjuration                  1
   b - Searing Ray                    Conjuration                  2
   c - Dazzling Spray                 Conjuration/Hexes            3
   d - Fulminant Prism                Conjuration/Hexes            4
   e - Iskenderun's Mystic Blast      Conjuration                  4
   f - Iskenderun's Battlesphere      Conjuration/Charms           5
Comestibles
 c - a bread ration
 l - a beef jerky


   Skills:
 + Level 0.1 Armour
 + Level 1.8 Dodging
 + Level 2.0 Stealth
 + Level 0.3 Unarmed Combat
 + Level 2.0 Spellcasting
 + Level 4.2 Conjurations


You had 5 spell levels left.
You knew the following spells:

 Your Spells              Type           Power        Failure   Level  Hunger
a - Magic Dart            Conj           ###.         3%          1    #......


Dungeon Overview and Level Annotations

Branches:
Dungeon (2/15)


Innate Abilities, Weirdness & Mutations

You have an increased reservoir of magic. (+10% MP)


Message History

You hit the gnoll but do no damage.
The gnoll is poisoned.
The gnoll closely misses you.
You completely miss the gnoll.
The gnoll is lightly wounded.
The gnoll barely misses you.
You barely miss the gnoll.
The gnoll is lightly wounded.
The gnoll hits you with a spear!
* * * LOW HITPOINT WARNING * * *
You are too injured to fight recklessly!
You are too injured to fight recklessly!
You are too injured to fight recklessly!
You are too injured to fight recklessly!
You closely miss the gnoll.
The gnoll is lightly wounded.
The gnoll barely misses you.
You hit the gnoll but do no damage.
The gnoll looks as sick as possible!
The gnoll is lightly wounded.
The gnoll hits you with a spear.
You die...

###...###...##.#.#
....##(#.##.##.#.#
.##.#.....#.##.#.#
.##....)....##.#.#
.###.#.....###.#.#
...#.#....## #.#.#
##.#+#....# #...#
##........## ##.)#
.#....(....# #g@#
......#.##.#####)#
##....#.##.#(....#
#....+.##.#.#####
#....####.#.##.#
##....# #.#....#
......# #...##.#
.###########....#
.####....# #.####


You could see a gnoll.

Vanquished Creatures
  2 gnolls (D:1)
  3 giant cockroaches (D:1)
  4 goblins (D:1)
  A hobgoblin (D:1)
  4 kobolds (D:1)
  2 rats (D:1)
16 creatures vanquished.

Notes
Turn   | Place    | Note
-------+----------+-------------------------------------------
     0 | D:1      | Querens the Demigod Conjurer began the quest for the Orb.
     0 | D:1      | Reached XP level 1. HP: 14/14 MP: 5/5
   283 | D:1      | Reached XP level 2. HP: 20/20 MP: 2/7
   337 | D:1      | Reached skill level 4 in Conjurations
   582 | D:1      | Reached XP level 3. HP: 11/26 MP: 4/8
   593 | D:1      | Slain by a gnoll

Skill      XL: |  1  2 |
---------------+-------+-----
Conjurations   | 4 |  4.2
Stealth        | 2 |  2.0
Spellcasting   | 2 |  2.0
Armour         | |  0.1
Dodging        | |  1.8
Unarmed Combat | |  0.3

Action                   || total
-------------------------++-------
Melee: Unarmed           ||     2
       Dagger            ||    18
 Cast: Magic Dart        ||    25
 Stab: Sleeping          ||     1
Armor: Leather armour    ||     1
Dodge: Dodged            ||    19
